 Dungeon Sprint DCSS version 0.31.0-32-g396128a36d (webtiles) character file.

Game seed: 8903952506706516189

1827 nel the Grappler (level 8, -4/115 HPs)
             Began as a Pale Draconian Shapeshifter on Apr 8, 2024.
             Was an Initiate of Nemelex Xobeh.
             Shot with an arrow by a centaur warrior (14 damage)
             ... in the Dungeon (Sprint I: "Red Sonja").
             The game lasted 00:08:36 (372 turns).

nel the Grappler (Pale Draconian Shapeshifter)       Turns: 372, Time: 00:08:36

Health: -4/115     AC:  6    Str: 20    XL:     8   Next: 86%
Magic:  12/12      EV: 18    Int: 10    God:    Nemelex Xobeh [......]
Gold:   533        SH:  0    Dex: 10    Spells: 7/7 levels left

rFire   . .          .
                       - Unarmed
rCold   . . .        (shield currently unavailable)
rNeg    . . .        (body armour unavailable)
rPois   .            (helmet restricted)
rElec   .            (no cloak)
rCorr   .            (no gloves)
SInv    .            (no boots)
Will    .....        (no amulet) Stlth
                     (no ring)
HPRegen 0.39/turn    (no ring)
MPRegen 0.13/turn

%: no teleportation
@: berserking, flux-form, glowing, very quick
A: glow, contaminating, breathe steam, AC +6, unfitting armour, cold-blooded,
steam resistance
a: Breathe Steam, Begin Untransformation, Renounce Religion, Draw Escape, Draw
Destruction, Draw Summoning


You were in the Dungeon.
You worshipped Nemelex Xobeh.
Nemelex Xobeh was noncommittal.
You were something dangerously unstable.
You visited 1 branch You collected 533 gold pieces.

Inventory:

Missiles
 d - 5 curare-tipped darts (quivered)
Talismans
 b - a beast talisman
 c - a flux talisman (active)
Wands
 e - a wand of iceblast (5)
Scrolls
 i - a scroll of blinking
Potions
 a - a potion of lignification
 f - a potion of haste
 g - 2 potions of magic


   Skills:
 + Level 8.8 Fighting
 + Level 7.6 Dodging
 * Level 11.7 Unarmed Combat
 - Level 5.5 Invocations
 + Level 10.4 Shapeshifting


You had 7 spell levels left.
You didn't know any spells.
Your spell library was empty.

Dungeon Overview and Level Annotations

Branches:
Dungeon (1/1)

Altars:
Cheibriados
Dithmenos
Elyvilon
Fedhas
Gozag
Hepliaklqana
Kikubaaqudgha
Makhleb
Nemelex Xobeh
Okawaru
Qazlal
Ru
Sif Muna
Trog
Uskayaw
Vehumet
Wu Jian
Xom
Yredelemnul
Zin
The Shining One
Jiyva
Lugonu

Shops:
D !


Innate Abilities, Weirdness & Mutations

You are something dangerously unstable.
You glow with magical radiation, making you easy to see and hit.
Foes you strike become dangerously contaminated with magical radiation.
You are incapable of wielding weapons or throwing items.
You can breathe blasts of scalding, opaque steam.
Your pale cyan-grey scales are hard. (AC +6)
You cannot fit into any form of body armour.
You are cold-blooded and may be slowed by cold attacks.
You are immune to the effects of steam.


Message History

A red film seems to cover your vision as you go berserk!
You feel yourself moving faster!
You feel mighty! The centaur warrior hits you.
* * * LOW HITPOINT WARNING * * *
The centaur warrior completely misses you.
You punch the centaur warrior!
The centaur warrior glows dangerously bright.
Your tail-slap misses the centaur warrior.
The centaur warrior is moderately wounded.
You hit the centaur warrior.
The centaur warrior shudders as magic cascades through it!!
The centaur warrior twists and deforms.
The centaur warrior is severely wounded.
The centaur warrior hits you.
* * * LOW HITPOINT WARNING * * *
The centaur warrior kicks you but does no damage.
The centaur warrior wields a +0 orcbow.
The centaur warrior shoots an arrow.
The arrow hits you!
* * * LOW HITPOINT WARNING * * *
Unknown command.
Press < or > to pray at altars.
You punch the centaur warrior!
The centaur warrior begins to glow.
The centaur warrior is severely wounded.
The centaur warrior barely misses you.
The centaur warrior kicks you but does no damage.
The centaur warrior shoots an arrow.
The arrow misses you.
You punch the centaur warrior!
The centaur warrior glows dangerously bright.
Your tail-slap misses the centaur warrior.
The centaur warrior is almost dead.
You have got your breath back.
The centaur warrior hits you.
* * * LOW HITPOINT WARNING * * *
The centaur warrior misses you.
Unknown command.
Press < or > to pray at altars.
You punch the centaur warrior!
You kill the centaur warrior!
The centaur warrior shoots an arrow.
The arrow hits you!
You die...
Your body disappears without additional glow.

##########################
#<.#.)'..#..'..#__#.))...#
#..)..#..').#..'..'..#...#
#..#####'#####'#__####...+
#..####..#...#.####§.#####
#..#__####..##.#§~§§§#
#..#_____##'#_$'~c§.§+
#⌠⌠#_.∩...)...p#~~§§.#
####_..__##_.#+##'####
#_____###'# $?$
#########.## ### +...+
#...# ##.## #+#


You could see a centaur warrior.

Vanquished Creatures
  A centaur warrior (D)
  Sonja (D)
  2 kobold demonologists (D)
  A glass eye (D)
  A slime creature (D)
  Sigmund (D)
  A yak (D)
  An ogre (D)
  A jelly (D)
  Ijyb (D)
11 creatures vanquished.

Notes
Turn   | Place    | Note
-------+----------+-------------------------------------------
     0 | D        | nel the Draconian Shapeshifter began the quest for the Orb.
     0 | D        | Reached XP level 1. HP: 16/16 MP: 1/1
     1 | D        | Noticed Ijyb
    21 | D        | Killed Ijyb
    22 | D        | Reached skill level 4 in Unarmed Combat
    22 | D        | Reached XP level 2. HP: 13/25 MP: 2/2
    74 | D        | Noticed an ogre
    77 | D        | Killed an ogre
    78 | D        | Reached skill level 6 in Unarmed Combat
    78 | D        | Reached XP level 3. HP: 34/34 MP: 3/3
    78 | D        | Reached XP level 4. HP: 41/41 MP: 4/4
    90 | D        | Noticed Sigmund
    92 | D        | Killed Sigmund
    93 | D        | Reached skill level 5 in Dodging
    93 | D        | Reached skill level 8 in Unarmed Combat
    93 | D        | Reached skill level 5 in Shapeshifting
    93 | D        | Reached XP level 5. HP: 50/50 MP: 5/5
   106 | D        | Found an ornate altar of the Wu Jian Council.
   106 | D        | Found a shimmering blue altar of Sif Muna.
   108 | D        | Found a radiant altar of Vehumet.
   112 | D        | Reached XP level 6. HP: 57/57 MP: 6/6
   134 | D        | Found Rijidigi's Distillery.
   134 | D        | Found an ancient bone altar of Kikubaaqudgha.
   134 | D        | Found a hazy altar of Hepliaklqana.
   134 | D        | Found a hide-covered altar of Uskayaw.
   134 | D        | Found a basalt altar of Yredelemnul.
   134 | D        | Found an opulent altar of Gozag.
   134 | D        | Found a snail-covered altar of Cheibriados.
   134 | D        | Found a sacrificial altar of Ru.
   134 | D        | Found a shadowy altar of Dithmenos.
   134 | D        | Noticed a yak
   139 | D        | Killed a yak
   145 | D        | Found a stormy altar of Qazlal.
   145 | D        | Found a blossoming altar of Fedhas.
   145 | D        | Found a bloodstained altar of Trog.
   145 | D        | Found an iron altar of Okawaru.
   145 | D        | Found a glowing golden altar of the Shining One.
   145 | D        | Found a glowing silver altar of Zin.
   145 | D        | Found a white marble altar of Elyvilon.
   146 | D        | Found a sparkling altar of Nemelex Xobeh.
   152 | D        | Became a worshipper of Nemelex Xobeh the Trickster
   158 | D        | Noticed Sonja
   164 | D        | Killed Sonja
   165 | D        | Reached skill level 10 in Unarmed Combat
   165 | D        | Your scales start taking on a pale cyan-grey colour.
   165 | D        | Reached XP level 7. HP: 19/66 MP: 6/10
   165 | D        | Gained mutation: You are immune to the effects of steam.
                  | [Pale Draconian growth]
   286 | D        | Found a viscous altar of Jiyva.
   286 | D        | Found a corrupted altar of Lugonu.
   286 | D        | Noticed a slime creature
   287 | D        | Found a burning altar of Makhleb.
   287 | D        | Found a shimmering altar of Xom.
   291 | D        | Killed a slime creature
   292 | D        | Reached XP level 8. HP: 73/74 MP: 11/11
   305 | D        | Noticed a kobold demonologist
   305 | D        | Noticed a glass eye
   305 | D        | Noticed a kobold demonologist
   310 | D        | Killed a glass eye
   311 | D        | Reached skill level 10 in Shapeshifting
   317 | D        | Killed a kobold demonologist
   318 | D        | Reached skill level 11 in Unarmed Combat
   318 | D        | Reached skill level 5 in Invocations
   320 | D        | Killed a kobold demonologist
   344 | D        | Noticed a centaur warrior
   344 | D        | Noticed a centaur warrior
   372 | D        | Killed a centaur warrior
   372 | D        | Shot with an arrow by a centaur warrior

Illustrated notes

Levels and vault maps discovered:
D:        dungeon_sprint_1 [red_sonja_temple_1, red_sonja_temple_small_1]

Skill      XL: |  1  2  3  4  5  6  7  8 |
---------------+-------------------------+-----
Fighting       | 2 4 6 7 8 |  8.8
Dodging        | 2 4 5 6 7 |  7.6
Unarmed Combat | 4 6 8 10 11 | 11.7
Shapeshifting  | 4 5 6 9 10 | 10.4
Invocations    | 4 5 |  5.5

Action                     |  1- 3 |  4- 6 |  7- 9 || total
---------------------------+-------+-------+-------++-------
  Melee: Unarmed           |    19 |     6 |    26 ||    51
         Tailslap          |     1 |     1 |     2 ||     4
         Punch             |     1 |       |       ||     1
Ability: Breathe Steam     |       |       |     2 ||     2
  Evoke: Wand              |     2 |     8 |       ||    10
    Use: Potion            |     1 |       |     2 ||     3
 Armour: Skin              |    12 |     3 |    26 ||    41
  Dodge: Dodged            |     4 |     5 |    18 ||    27
   Form: Flux              |       |     1 |       ||     1
